 Dungeon Crawl Stone Soup version 0.29-a0-380-gf50f0a9fbc (webtiles) character file.

Game seed: 13515510567177943074

1255 spaghetti the Archer (level 8, -1/71 HPs)
             Began as a Gnoll Wanderer on May 5, 2022.
             Slain by an unseen horror (9 damage)
             ... on level 6 of the Dungeon.
             The game lasted 00:06:47 (4614 turns).

spaghetti the Archer (Gnoll Wanderer)               Turns: 4614, Time: 00:06:48

Health: -1/71      AC:  3    Str: 14    XL:     8   Next: 51%
Magic:  22/22      EV: 12    Int: 11    God:
Gold:   278        SH:  0    Dex: 12    Spells: 13/13 levels left

rFire   . . .      SeeInvis .   i - +0 dagger (pain) {short}
rCold   . . .      Faith    .   (no shield)
rNeg    . . .      Spirit   .   d - +0 leather armour
rPois   .          Reflect  .   (helmet restricted)
rElec   .          Harm     .   (no cloak)
rCorr   .          Rampage  .   (no gloves)
Will    .....                   (no boots)
Stlth   ++........              (no amulet)
HPRegen 0.21/turn               o - ring of wizardry
MPRegen 0.18/turn               n - ring of magical power

@: invisible
A: fangs 1, strong nose, distributed training, horns 1, MP-powered wands
a: no special abilities


You were on level 6 of the Dungeon.
You visited 1 branch of the dungeon, and saw 6 of its levels.

You collected 278 gold pieces.


Innate Abilities, Weirdness & Mutations

You have very sharp teeth.
Your uncanny sense of smell can sniff out nearby items.
Your experience applies equally to all skills.
You have a pair of small horns on your head.
You expend magic power (3 MP) to strengthen your wands.


   Skills:
 + Level 9.2 Fighting
 + Level 3.3 Short Blades
 + Level 3.3 Long Blades
 + Level 3.3 Axes
 + Level 3.3 Maces & Flails
 + Level 3.3 Polearms
 + Level 3.3 Staves
 + Level 4.2 Slings
 + Level 11.0 Bows
 + Level 3.3 Crossbows
 + Level 3.3 Throwing
 + Level 3.3 Armour
 + Level 3.3 Dodging
 + Level 3.3 Stealth
 + Level 3.3 Shields
 + Level 3.3 Unarmed Combat
 + Level 3.3 Spellcasting
 + Level 2.7 Conjurations
 + Level 2.7 Hexes
 + Level 2.7 Summonings
 + Level 2.7 Necromancy
 + Level 2.7 Translocations
 + Level 2.7 Transmutations
 + Level 2.7 Fire Magic
 + Level 2.7 Ice Magic
 + Level 2.7 Air Magic
 + Level 2.7 Earth Magic
 + Level 2.7 Poison Magic
 + Level 3.6 Invocations
 + Level 3.3 Evocations


You had 13 spell levels left.
You didn't know any spells.
Your spell library was empty.

Inventory:

Hand Weapons
 a - a +1 vorpal shortbow {bow}
 b - a +0 hunting sling {sling}
 i - a +0 dagger of pain (weapon) {short}
   (You took it off a kobold on level 1 of the Dungeon)
Missiles
 g - 100 stones {throwing}
 h - 5 poisoned darts {throwing}
Armour
 d - a +0 leather armour (worn)
Jewellery
 n - a ring of magical power (right hand)
   (You found it on level 4 of the Dungeon)
 o - a ring of wizardry (left hand)
   (You found it on level 3 of the Dungeon)
Wands
 p - a wand of iceblast (7)
   (You found it on level 4 of the Dungeon)
 s - a wand of mindburst (14)
   (You found it on level 5 of the Dungeon)
Scrolls
 f - a scroll of vulnerability {!r!r}
 q - a scroll of teleportation {@r4}
 u - a scroll of fog {unknown}
Potions
 c - 2 potions of attraction {!q}
 j - a potion of lignification {!q}
 k - a potion of brilliance
 l - a potion of curing {@q1}
 m - a potion of magic
 v - a potion of mutation {!q}

Dungeon Overview and Level Annotations

Branches:
Dungeon (6/15)
 Temple: D:4-7

Altars:
Ru
Vehumet

Shops:
D:2

[ ..... ..... ......
(.... ......# . .
.....#..#######.... ..
............@..........
.......##.#.####.......
....... #......# .....
......#####...##......
<.....................
#..............[...
####..................
#...........)#........
##..###..#####........


There were no monsters in sight!


Message History

You take 2 damage, and now have 12/106 hp.
You hit something. Something hits you.
* * * LOW HITPOINT WARNING * * *
😱 HP[-1]
You take 1 damage, and now have 11/106 hp.
You swing at nothing.
Something hits you.
* * * LOW HITPOINT WARNING * * *
😱 HP[-3]
You take 3 damage, and now have 8/106 hp.
You hit something but do no damage. Something hits you.
* * * LOW HITPOINT WARNING * * *
😱 HP[-3]
You take 3 damage, and now have 5/106 hp.
It was a potion of curing.
You feel better.
Something hits you but does no damage. 😱 HP[+5]
You regained 5 hp, and now have 10/106 hp.
You feel better. Something hits you!
* * * LOW HITPOINT WARNING * * *
Something hits you but does no damage.
It was a potion of magic.
Magic courses through your body.
Something hits you but does no damage. x2
It was a potion of invisibility.
You fade into invisibility!
Something hits you.
* * * LOW HITPOINT WARNING * * *
😱 HP[-1]
You take 1 damage, and now have 9/106 hp.
It was a potion of ambrosia.
You are confused.
You feel invigorated.
Something hits you but does no damage. 😱 HP[+4]
You regained 4 hp, and now have 13/106 hp.
Unknown command.
You attack the rock wall. 😱 HP[+4]
You regained 4 hp, and now have 17/106 hp.
You attack the rock wall.
Something hits you but does no damage. 😱 HP[+2]
You regained 2 hp, and now have 19/106 hp.
You swing at nothing.
Something completely misses you. 😱 HP[+2]
You regained 2 hp, and now have 21/106 hp.
You attack the rock wall.
Something hits you but does no damage. Something hits you.
* * * LOW HITPOINT WARNING * * *
😱 HP[+1]
You nearly hit yourself!
Something hits you.
* * * LOW HITPOINT WARNING * * *
Something hits you but does no damage. 😱 HP[+2]
You regained 2 hp, and now have 24/106 hp.
You attack the rock wall.
You feel less invigorated.
You feel less confused.
Something hits you but does no damage. 😱 HP[+2]
You regained 2 hp, and now have 26/106 hp.
You hit something but do no damage.
Something hits you but does no damage. x2
You hit something. Something hits you but does no damage.
You swing at nothing.
You swing at nothing.
Your transformation is almost over.
Something hits you.
* * * LOW HITPOINT WARNING * * *
Something hits you but does no damage. 😱 HP[-3]
You take 3 damage, and now have 23/106 hp.
Unknown command.
Unknown command.
You hit something. Something hits you.
* * * LOW HITPOINT WARNING * * *
😱 HP[-5]
You take 5 damage, and now have 18/106 hp.
You miss something. Something hits you but does no damage.
You hit something but do no damage. Your punch misses something.
Something hits you but does no damage.
You swing at nothing.
Something hits you but does no damage. 😱 HP[+1]
You swing at nothing.
Something hits you but does no damage.
You hit something but do no damage. Something hits you but does no damage.
You swing at nothing.
Something hits you but does no damage.
You swing at nothing.
You swing at nothing.
Something hits you but does no damage. 😱 HP[+1]
You swing at nothing.
Something hits you but does no damage.
You swing at nothing.
You feel less wooden.
Your +0 leather armour unmelds from your body. 😱 HP[-7]
You now have 71 max hp (-35).
You swing at nothing.
Something hits you.
* * * LOW HITPOINT WARNING * * *
😱 HP[-2]
You take 2 damage, and now have 11/71 hp.
You swing at nothing.
Something hits you but does no damage.
You hit something but do no damage.
Something hits you but does no damage. x2
You barely miss something. Your bite misses something. Something hits you.
* * * LOW HITPOINT WARNING * * *
Something hits you!
You die...

Skill      XL: |  1  2  3  4  5  6  7  8 |
---------------+-------------------------+-----
Bows           | 11 | 11.0
Invocations    | 1 2 3 |  3.6
Short Blades   | 1 2 3 |  3.3
Long Blades    | 1 2 3 |  3.3
Axes           | 1 2 3 |  3.3
Maces & Flails | 1 2 3 |  3.3
Polearms       | 1 2 3 |  3.3
Staves         | 1 2 3 |  3.3
Crossbows      | 1 2 3 |  3.3
Throwing       | 1 2 3 |  3.3
Armour         | 1 2 3 |  3.3
Dodging        | 1 2 3 |  3.3
Stealth        | 1 2 3 |  3.3
Shields        | 1 2 3 |  3.3
Unarmed Combat | 1 2 3 |  3.3
Spellcasting   | 1 2 3 |  3.3
Evocations     | 1 2 3 |  3.3
Conjurations   | 1 2 |  2.7
Hexes          | 1 2 |  2.7
Summonings     | 1 2 |  2.7
Necromancy     | 1 2 |  2.7
Translocations | 1 2 |  2.7
Transmutations | 1 2 |  2.7
Fire Magic     | 1 2 |  2.7
Ice Magic      | 1 2 |  2.7
Air Magic      | 1 2 |  2.7
Earth Magic    | 1 2 |  2.7
Poison Magic   | 1 2 |  2.7
Slings         | 3 4 |  4.2
Fighting       | 9 |  9.2

Action                   |  1- 3 |  4- 6 |  7- 9 || total
-------------------------+-------+-------+-------++-------
Melee: Dagger            |       |       |    15 ||    15
 Fire: Shortbow          |    94 |   104 |    84 ||   282
  Use: Potion            |     2 |     1 |     7 ||    10
       Scroll            |       |     8 |       ||     8
Armor: Leather armour    |     7 |     6 |    11 ||    24
       Skin              |       |       |    23 ||    23
Dodge: Dodged            |    17 |    16 |    27 ||    60

Levels and vault maps discovered:
D:1:      spicycebolla_arrival_xxxplode, layout_basic,
          ebering_ecumenical_altar_webs
D:2:      layout_basic, serial_shops, shop_fountains
D:3:      layout_basic
D:4:      layout_basic, mainiacjoe_overflow_six_doors_small
D:5:      layout_basic, mainiacjoe_overflow_brackets, enter_ossuary_3
D:6:      layout_rooms, serial_glass, glass_columns_b, glass_columns_b,
          glass_columns_c, glass_columns_c, glass_columns_a, glass_columns_a,
          uniq_edmund, uniq_blork_the_orc

Notes
Turn   | Place    | Note
-------+----------+-------------------------------------------
     0 | D:1      | Reached skill level 10 in Bows
     0 | D:1      | spaghetti the Gnoll Wanderer began the quest for the Orb.
     0 | D:1      | spaghetti set off with the following items: a +1 vorpal
                  | shortbow {bow}, a +0 hunting sling {sling}, a potion of
                  | attraction {!q}, a +0 leather armour
     0 | D:1      | Reached XP level 1. HP: 26/26 MP: 1/1
     0 | D:1      | magus.rc [v1.9.6]
    90 | D:1      | Reached XP level 2. HP: 33/33 MP: 2/2
   331 | D:1      | Found a faded altar of an unknown god.
   464 | D:2      | Reached XP level 3. HP: 13/38 MP: 3/3
   655 | D:2      | Reached skill level 1 in Invocations
   888 | D:2      | Reached skill level 1 in Short Blades
   888 | D:2      | Reached skill level 1 in Long Blades
   888 | D:2      | Reached skill level 1 in Axes
   888 | D:2      | Reached skill level 1 in Maces & Flails
   888 | D:2      | Reached skill level 1 in Polearms
   888 | D:2      | Reached skill level 1 in Staves
   888 | D:2      | Reached skill level 1 in Crossbows
   888 | D:2      | Reached skill level 1 in Throwing
   888 | D:2      | Reached skill level 1 in Armour
   888 | D:2      | Reached skill level 1 in Dodging
   888 | D:2      | Reached skill level 1 in Stealth
   888 | D:2      | Reached skill level 1 in Shields
   888 | D:2      | Reached skill level 1 in Unarmed Combat
   888 | D:2      | Reached skill level 1 in Spellcasting
   888 | D:2      | Reached skill level 1 in Evocations
   908 | D:2      | Found Ihucraop's Armour Shop.
   940 | D:2      | Reached XP level 4. HP: 45/45 MP: 5/5
  1484 | D:3      | Gained mutation: You expend magic power (3 MP) to
                  | strengthen your wands. [potion of mutation]
  1484 | D:3      | Gained mutation: You have a pair of small horns on your
                  | head. [potion of mutation]
  1601 | D:3      | Reached skill level 1 in Conjurations
  1601 | D:3      | Reached skill level 1 in Hexes
  1601 | D:3      | Reached skill level 1 in Summonings
  1601 | D:3      | Reached skill level 1 in Necromancy
  1601 | D:3      | Reached skill level 1 in Translocations
  1601 | D:3      | Reached skill level 1 in Transmutations
  1601 | D:3      | Reached skill level 1 in Fire Magic
  1601 | D:3      | Reached skill level 1 in Ice Magic
  1601 | D:3      | Reached skill level 1 in Air Magic
  1601 | D:3      | Reached skill level 1 in Earth Magic
  1601 | D:3      | Reached skill level 1 in Poison Magic
  1991 | D:4      | Found a sacrificial altar of Ru.
  2013 | D:4      | Reached XP level 5. HP: 43/51 MP: 7/7
  2102 | D:4      | Noticed an ogre
  2110 | D:4      | Killed an ogre
  2111 | D:4      | Reached skill level 3 in Slings
  2111 | D:4      | Reached skill level 2 in Invocations
  2111 | D:4      | Reached XP level 6. HP: 52/57 MP: 8/8
  2298 | D:4      | Reached skill level 2 in Short Blades
  2298 | D:4      | Reached skill level 2 in Long Blades
  2298 | D:4      | Reached skill level 2 in Axes
  2298 | D:4      | Reached skill level 2 in Maces & Flails
  2298 | D:4      | Reached skill level 2 in Polearms
  2298 | D:4      | Reached skill level 2 in Staves
  2298 | D:4      | Reached skill level 2 in Crossbows
  2298 | D:4      | Reached skill level 2 in Throwing
  2298 | D:4      | Reached skill level 2 in Armour
  2298 | D:4      | Reached skill level 2 in Dodging
  2298 | D:4      | Reached skill level 2 in Stealth
  2298 | D:4      | Reached skill level 2 in Shields
  2298 | D:4      | Reached skill level 2 in Unarmed Combat
  2298 | D:4      | Reached skill level 2 in Spellcasting
  2298 | D:4      | Reached skill level 2 in Evocations
  2739 | D:4      | Noticed an ice beast
  2748 | D:4      | Killed an ice beast
  2749 | D:4      | Reached XP level 7. HP: 39/63 MP: 10/10
  2970 | D:5      | Entered Level 5 of the Dungeon
  3056 | D:5      | Reached skill level 2 in Conjurations
  3056 | D:5      | Reached skill level 2 in Hexes
  3056 | D:5      | Reached skill level 2 in Summonings
  3056 | D:5      | Reached skill level 2 in Necromancy
  3056 | D:5      | Reached skill level 2 in Translocations
  3056 | D:5      | Reached skill level 2 in Transmutations
  3056 | D:5      | Reached skill level 2 in Fire Magic
  3056 | D:5      | Reached skill level 2 in Ice Magic
  3056 | D:5      | Reached skill level 2 in Air Magic
  3056 | D:5      | Reached skill level 2 in Earth Magic
  3056 | D:5      | Reached skill level 2 in Poison Magic
  3315 | D:5      | Reached skill level 9 in Fighting
  3315 | D:5      | Reached skill level 3 in Invocations
  3542 | D:5      | Found a radiant altar of Vehumet.
  3708 | D:5      | Reached XP level 8. HP: 45/71 MP: 12/12
  3918 | D:5      | Reached skill level 3 in Short Blades
  3918 | D:5      | Reached skill level 3 in Long Blades
  3918 | D:5      | Reached skill level 3 in Axes
  3918 | D:5      | Reached skill level 3 in Maces & Flails
  3918 | D:5      | Reached skill level 3 in Polearms
  3918 | D:5      | Reached skill level 3 in Staves
  3918 | D:5      | Reached skill level 4 in Slings
  3918 | D:5      | Reached skill level 3 in Crossbows
  3918 | D:5      | Reached skill level 3 in Throwing
  3918 | D:5      | Reached skill level 3 in Armour
  3918 | D:5      | Reached skill level 3 in Dodging
  3918 | D:5      | Reached skill level 3 in Stealth
  3918 | D:5      | Reached skill level 3 in Shields
  3918 | D:5      | Reached skill level 3 in Unarmed Combat
  3918 | D:5      | Reached skill level 3 in Spellcasting
  3918 | D:5      | Reached skill level 3 in Evocations
  4405 | D:6      | Noticed Blork the orc
  4410 | D:6      | Killed Blork the orc
  4463 | D:6      | Noticed a hornet
  4471 | D:6      | Paralysed by a hornet for 1 turns
  4472 | D:6      | Killed a hornet
  4473 | D:6      | Reached skill level 11 in Bows
  4576 | D:6      | HP: 15/71 [something (6)]
  4581 | D:6      | HP: 12/106 [something (2)]
  4584 | D:6      | HP: 5/106 [something (3)]
  4593 | D:6      | HP: 22/106 [something (3)]
  4599 | D:6      | HP: 23/106 [something (4)]
  4611 | D:6      | HP: 11/71 [something (3)]
  4614 | D:6      | Slain by an unseen horror

Vanquished Creatures
  A hornet (D:6)
  An ice beast (D:4)
  3 ogres
  A centaur (D:5)
  A phantom (D:5)
  2 scorpions
  Blork the orc (D:6)
  A necrophage (D:4)
  A howler monkey (D:4)
  3 hounds
  A jelly (D:5)
  An iguana (D:5)
  7 adders
  A worm (D:2)
  2 dart slugs
  An orc (D:4)
  4 bats
  6 endoplasms
  5 giant cockroaches
  A goblin (D:3)
  10 hobgoblins
  11 jackals
  6 kobolds
  A quokka (D:5)
  10 ball pythons
  3 frilled lizards (D:2)
  3 rats
88 creatures vanquished.

Table legend:
 A = Non-vault XP
 B = Vault XP
 C = Vault XP percentage of total XP
 D = Non-vault monster count
 E = Vault monster count
 F = Vault count percentage of total count
                 A         B        C        D         E       F
            +---------+---------+-------+---------+---------+-------
      Total |    1708 |      85 |   4.7 |      87 |       1 |   1.1
            +---------+---------+-------+---------+---------+-------
        D:1 |      26 |       0 |   0.0 |      14 |       0 |   0.0
        D:2 |      67 |       0 |   0.0 |      25 |       0 |   0.0
        D:3 |      39 |       0 |   0.0 |      15 |       0 |   0.0
        D:4 |     572 |       0 |   0.0 |      20 |       0 |   0.0
        D:5 |     743 |       0 |   0.0 |      12 |       0 |   0.0
        D:6 |     261 |      85 |  24.6 |       1 |       1 |  50.0
            +---------+---------+-------+---------+---------+-------

Illustrated notes

Table legend:
 A = Kills in this place as a percentage of kills in entire the game.
 B = Kills by you in this place as a percentage of kills by you in the entire game.
 C = Kills by friends in this place as a percentage of kills by friends in the entire game.
 D = Other kills in this place as a percentage of other kills in the entire game.
 E = Experience gained in this place as a percentage of experience gained in the entire game.
 F = Experience gained in this place divided by the number of levels of this place that you have seen.
                   A       B       C       D       E      F
               +-------+-------+-------+-------+-------+----------------------
         Total | 100.0 | 100.0 |   N/A |   N/A | 100.0 | 298.8
       Dungeon | 100.0 | 100.0 |   N/A |   N/A | 100.0 | 298.8
               +-------+-------+-------+-------+-------+----------------------

Table legend: (Time is in decaauts)
 A = Elapsed time spent in this place.
 B = Non-inter-level travel time spent in this place.
 C = Inter-level travel time spent in this place.
 D = Time resting spent in this place.
 E = Time spent auto-exploring this place.
 F = Levels seen in this place.
 G = Mean time per level.
                   A        B        C        D        E       F      G
               +--------+--------+--------+--------+--------+-----+--------+
         Total |   4608 |   4485 |    123 |     85 |   3908 |   6 |  768.0 |
       Dungeon |   4608 |   4485 |    123 |     85 |   3908 |   6 |  768.0 |
               +--------+--------+--------+--------+--------+-----+--------+

Top non-repeatable levels by time:
     D:5: 1434 daAuts
     D:4: 1099 daAuts
     D:2: 901 daAuts
     D:3: 532 daAuts
     D:1: 436 daAuts
     D:6: 203 daAuts
